 Dungeon Crawl Stone Soup version 0.25.1-2-g60ff931df9 (webtiles) character file.

Game seed: 2550780737218083466

9625 Ivernyr the Destroyer (level 11, -5/54 HPs)
             Began as a Deep Elf Wizard on Aug 10, 2020.
             Was an Elder of Cheibriados.
             Engulfed by an ice statue's freezing vapour (39 damage)
             ... in a Gauntlet on Aug 17, 2020.
             The game lasted 01:42:51 (14614 turns).

Ivernyr the Destroyer (Deep Elf Wizard)            Turns: 14614, Time: 01:42:51

Health: -5/54      AC: 12    Str: 13    XL:     11   Next: 25%
Magic:  30/38      EV: 21    Int: 36    God:    Cheibriados [****..]
Gold:   686        SH:  0    Dex: 22    Spells: 8/34 levels left

rFire    . . .     SeeInvis .   t - staff of conjuration
rCold    . . .     Gourm    .   (no shield)
rNeg     . . .     Faith    .   a - +2 robe {MR+}
rPois    .         Spirit   .   b - +0 helmet
rElec    .         Reflect  .   w - +0 cloak {Stlth+}
rCorr    .         Harm     .   e - +0 pair of gloves
MR       ++...     NoTele   +   z - +0 pair of boots
Stlth    +++.......             (no amulet)
HPRegen  0.18/turn              E - +4 ring of protection
MPRegen  0.26/turn              F - ring of magical power

@: very slightly contaminated, very slow
A: no striking features
a: Bend Time, Temporal Distortion, Slouch, Renounce Religion


You were in a Gauntlet.
You worshipped Cheibriados.
Cheibriados was greatly pleased with you.
You were not hungry.

You visited 2 branches of the dungeon, and saw 12 of its levels.
You also visited: Gauntlet.

You collected 686 gold pieces.

Inventory:

Hand Weapons
 s - a +0 halberd
 v - a +2 dagger of venom
Armour
 a - a +2 robe of magic resistance (worn)
 b - a +0 helmet (worn)
 e - a +0 pair of gloves (worn)
 w - a +0 cloak of stealth (worn)
 z - a +0 pair of boots (worn)
 O - a scarf of harm
Magical Staves
 t - an uncursed staff of conjuration (weapon)
Jewellery
 E - a +4 ring of protection (left hand)
 F - a ring of magical power (right hand)
 J - an uncursed ring of flight {unknown}
 L - a cursed -4 ring of slaying {unknown}
Wands
 A - a wand of acid (11)
 G - a wand of flame (47)
 K - a wand of paralysis (6)
 N - a wand of disintegration (13)
Scrolls
 h - 6 scrolls of identify
 i - a scroll of immolation {unknown}
 k - 3 scrolls of enchant armour
 n - 5 scrolls of teleportation
 o - 4 scrolls of random uselessness
 p - 6 scrolls of remove curse
 u - a scroll of enchant weapon {unknown}
 x - a scroll of fear {unknown}
 y - 2 scrolls of amnesia
 B - a scroll of magic mapping
 C - a scroll of silence {unknown}
 D - 2 scrolls of fog {unknown}
 I - 2 scrolls of summoning {unknown}
Potions
 c - 4 potions of brilliance {unknown}
 f - 3 potions of haste
 g - 3 potions of flight {unknown}
 j - 2 potions of heal wounds
 l - 4 potions of curing
 m - a potion of cancellation {unknown}
 q - 2 potions of stabbing {unknown}
 r - 2 potions of mutation {unknown}
 H - 3 potions of ambrosia {unknown}
 M - a potion of lignification {unknown}
 P - 2 potions of might {unknown}
Comestibles
 d - 18 rations


   Skills:
 + Level 10.1 Dodging
 - Level 2.5 Stealth
 + Level 12.0 Spellcasting
 * Level 12.4 Conjurations
 - Level 1.1 Summonings
 - Level 1.1 Translocations
 + Level 6.3 Invocations


You had 8 spell levels left.
You knew the following spells:

 Your Spells              Type           Power        Failure   Level  Hunger
a - Magic Dart            Conj           ####         0%          1    None
b - Blink                 Tloc           N/A          1%          2    None
c - Call Imp              Summ           ####....     1%          2    None
d - Conjure Flame         Conj/Fire      #######.     1%          3    None
e - Mephitic Cloud        Conj/Pois/Air  ######..     1%          3    None
f - Searing Ray           Conj           ######       1%          2    None
g - Iskenderun's Mystic   Conj/Tloc      #######.     1%          4    None
h - Dazzling Flash        Conj/Hex       ######       1%          3    None
i - Fulminant Prism       Conj/Hex       #######...   1%          4    None
j - Passwall              Tmut/Erth      ###.....     2%          2    None

Your spell library contained the following spells:

 Spells                   Type           Power        Failure   Level  Hunger
 Corona                   Hex            ###....      1%          1    None
 Sandblast                Erth           ###...       1%          1    None
 Stone Arrow              Conj/Erth      ######       1%          3    None
 Ensorcelled Hibernation  Hex/Ice        ###...       2%          2    None
 Slow                     Hex            ###.....     2%          2    None
 Gell's Gravitas          Tloc           ####......   3%          3    None
 Portal Projectile        Hex/Tloc       ####..       4%          3    None
 Confusing Touch          Hex            ###.....     5%          3    None
 Tukima's Dance           Hex            ###.....     5%          3    None
 Petrify                  Tmut/Erth      ###.....     19%         4    None
 Lee's Rapid Deconstruct  Erth           ###.......   45%         5    None
 Dispersal                Tloc           ####......   88%         6    ###....
 Controlled Blink         Tloc           N/A          100%        8    ######.
 Disjunction              Tloc           ####......   100%        8    ######.


Dungeon Overview and Level Annotations

Branches:
Dungeon (11/15)            Temple (1/1) D:4            Lair (0/6) D:10
    Orc (0/2) D:11        Gauntlet (1/1)

Altars:
Ashenzari
Cheibriados
Dithmenos
Elyvilon
Fedhas
Gozag
Hepliaklqana
Kikubaaqudgha
Makhleb
Nemelex Xobeh
Okawaru
Qazlal
Ru
Sif Muna
Trog
Uskayaw
Vehumet
Wu Jian
Xom
Yredelemnul
Zin
The Shining One
Beogh
Lugonu

Shops:
D:6 }   D:10 [[*(

Annotations:
D:3 3 runed translucent doors, luab's ghost, amateur GrFi Gauntlet 4 transporters, 4 runed translucent doors, exclusion: ice statue


Message History

The ice statue glitters chillingly in the dim dungeon light.
The ice statue glitters chillingly in the dim dungeon light.
The ice statue gestures at you. The bolt of cold hits you.
Casting: Blink (safe; 1% risk of failure)
Confirm with . or Enter, or press ? or * to list all spells.
Aiming: Searing Ray (safe; 1% risk of failure)
Press: ? - help, Shift-Dir - straight line, f - ice statue
Aim: an ice statue You feel a surge of power!
The searing ray hits the ice statue.
The ice statue is lightly damaged. (Press . to maintain the ray.)
The ice statue gestures at you. The freezing blast engulfs you!
Casting: Searing Ray (safe; 1% risk of failure)
Confirm with . or Enter, or press ? or * to list all spells.
You blink.
You are engulfed in freezing vapours.
You are engulfed in freezing vapours.
Ouch! That really hurt!
You die...

8#..# ..##©##...#.. #..#
###.##8#...#..
#..#.##.##.#☼#...#..
##..#.#.#.#.#☼#...#++
8#..#.#.#©#.#○#...#..
##..#.#.#.#.#○#...#..
#..#[#.#..##○#...#++
#..#.##..##☼☼#...#..
8#..#.!##..@☼☼#...#..
##..###########...###
#.....#.©.#....≈....
###...8.#...#...≈8≈...
8#.....#.©.#....≈....
##..###########...###
#..#....©.}..#...#.. !©
###..##.##.#####...#z##..
#8#..#..##.##.##...#.#.#


There were no monsters in sight!

Vanquished Creatures
  Harold (D:7)
  Erica (D:8)
  A two-headed ogre (D:9)
  Pikel (D:6)
  Maurice (D:9)
  Psyche (D:9)
  2 rime drakes (Gauntlet)
  2 hippogriffs
  A hornet (D:9)
  A shadow (D:11)
  A vampire (D:11)
  A basilisk (D:9)
  4 hogs (D:7)
  A human (D:7)
  2 wargs (D:10)
  Menkaure (D:7)
  2 swamp worms (Gauntlet)
  3 sky beasts
  6 orc warriors
  3 ice beasts
  2 phantoms
  3 ogres
  A big kobold (D:7)
  4 bullfrogs
  3 scorpions
  4 killer bees (D:8)
  4 wights
  A howler monkey (D:6)
  2 crimson imps
  2 hounds
  2 jellies
  9 orc priests
  Crazy Yiuf (D:4)
  A bullfrog zombie (D:9)
  3 centaur skeletons
  16 orc wizards
  2 bullfrog skeletons
  An iguana (D:6)
  4 worker ants
  14 gnolls
  A river rat (D:5)
  10 adders
  3 oozes
  4 worms
  3 dart slugs
  2 leopard geckos
  36 orcs
  4 giant cockroaches
  8 goblins
  7 hobgoblins
  12 jackals
  3 quokkas
  2 ball pythons
  10 bats
  3 frilled lizards
  10 kobolds
  2 leopard gecko zombies
  A quokka skeleton (D:9)
  12 rats
248 creatures vanquished.

Vanquished Creatures (collateral kills)
  Terence (D:3)
  2 orc wizards
  A worker ant (D:5)
  5 orcs
  A quokka (D:4)
10 creatures vanquished.

Vanquished Creatures (others)
  A fulminant prism (D:10)
  3 fungi (D:3)
  A plant (D:3)
5 creatures vanquished.

Grand Total: 263 creatures vanquished

Notes
Turn   | Place    | Note
-------+----------+-------------------------------------------
     0 | D:1      | Ivernyr the Deep Elf Wizard began the quest for the Orb.
     0 | D:1      | Reached XP level 1. HP: 10/10 MP: 7/7
   144 | D:1      | Reached skill level 5 in Spellcasting
   144 | D:1      | Reached XP level 2. HP: 7/15 MP: 0/10
   148 | D:1      | Learned a level 2 spell: Blink
   151 | D:1      | Learned a level 2 spell: Call Imp
   904 | D:1      | Reached XP level 3. HP: 19/19 MP: 9/12
  1266 | D:2      | Found a sparkling altar of Nemelex Xobeh.
  1454 | D:2      | Learned a level 3 spell: Conjure Flame
  1458 | D:2      | Learned a level 3 spell: Mephitic Cloud
  1697 | D:2      | Found an opulent altar of Gozag.
  1871 | D:2      | Reached XP level 4. HP: 24/24 MP: 10/14
  2367 | D:3      | Found a shattered altar of Ashenzari.
  2562 | D:3      | Reached XP level 5. HP: 22/28 MP: 11/15
  2865 | D:3      | Found a runed translucent gate.
  2891 | D:3      | Found a stormy altar of Qazlal.
  3049 | D:3      | Noticed Terence
  3067 | D:3      | Killed Terence
  3597 | D:3      | Found a shadowy altar of Dithmenos.
  3906 | D:3      | Found a runed translucent gate.
  3906 | D:3      | Found a runed translucent gate.
  3907 | D:3      | Noticed luab's ghost (amateur GrFi)
  4203 | D:4      | Found a basalt altar of Yredelemnul.
  4613 | D:4      | Reached XP level 6. HP: 32/32 MP: 12/17
  5233 | D:4      | Found a roughly hewn altar of Beogh.
  5466 | D:4      | Found a shimmering altar of Xom.
  5527 | D:4      | Found a staircase to the Ecumenical Temple.
  5536 | Temple   | Entered the Ecumenical Temple
  5563 | Temple   | Became a worshipper of Cheibriados the Contemplative
  5698 | D:4      | Found a runed translucent door.
  5699 | D:4      | Noticed Crazy Yiuf
  5717 | D:4      | Killed Crazy Yiuf
  5904 | D:5      | Entered Level 5 of the Dungeon
  5908 | D:5      | Learned a level 2 spell: Searing Ray
  5913 | D:5      | Learned a level 4 spell: Iskenderun's Mystic Blast
  6339 | D:5      | Reached skill level 5 in Conjurations
  6409 | D:5      | Noticed a hippogriff
  6777 | D:5      | Killed a hippogriff
  6777 | D:5      | Reached XP level 7. HP: 29/36 MP: 2/20
  7040 | D:6      | Reached skill level 5 in Dodging
  7307 | D:6      | Found an ornate altar of the Wu Jian Council.
  7381 | D:6      | Found Imustraha's Gadget Boutique.
  7604 | D:6      | Reached XP level 8. HP: 41/41 MP: 16/22
  7607 | D:6      | Found an ancient bone altar of Kikubaaqudgha.
  7718 | D:7      | Reached * piety under Cheibriados
  8160 | D:7      | Noticed Menkaure
  8175 | D:7      | Killed Menkaure
  8400 | D:7      | Learned a level 3 spell: Dazzling Flash
  8512 | D:7      | Found a sacrificial altar of Ru.
  8518 | D:7      | Noticed Pikel
  8609 | D:6      | Killed Pikel
  8716 | D:7      | Reached XP level 9. HP: 45/45 MP: 14/24
  8806 | D:7      | Reached ** piety under Cheibriados
  9033 | D:7      | Noticed Harold
  9045 | D:7      | Killed Harold
  9045 | D:7      | Reached skill level 10 in Spellcasting
  9227 | D:7      | Reached skill level 10 in Conjurations
  9690 | D:8      | Learned a level 4 spell: Fulminant Prism
  9800 | D:8      | Noticed Erica
  9999 | D:9      | Reached XP level 10. HP: 36/50 MP: 25/26
 10116 | D:9      | Noticed Psyche
 10144 | D:9      | Noticed Maurice
 10166 | D:9      | Killed Maurice
 10194 | D:9      | Noticed a two-headed ogre
 10203 | D:9      | Killed a two-headed ogre
 10232 | D:9      | Killed Psyche
 10442 | D:8      | Killed Erica
 10541 | D:8      | Reached skill level 5 in Invocations
 10596 | D:8      | Reached *** piety under Cheibriados
 11178 | D:9      | Found a glowing golden altar of the Shining One.
 11297 | D:9      | Found a blossoming altar of Fedhas.
 11800 | D:9      | Learned a level 2 spell: Passwall
 11859 | D:9      | Reached **** piety under Cheibriados
 12492 | D:9      | Found a white marble altar of Elyvilon.
 12492 | D:9      | Found a glowing silver altar of Zin.
 12609 | D:9      | Reached XP level 11. HP: 45/54 MP: 28/28
 12786 | D:10     | Entered Level 10 of the Dungeon
 12786 | D:10     | Found a staircase to the Lair.
 13266 | D:10     | Found a shimmering blue altar of Sif Muna.
 13367 | D:10     | Found Huahi's Armour Shoppe.
 13408 | D:10     | Found a flagged portal.
 13498 | D:10     | Found Ycvot's Armour Emporium.
 13600 | D:10     | Found Daesk's Weapon Emporium.
 13644 | D:10     | Found Bahimoh's Assorted Antiques.
 14097 | D:11     | Reached skill level 10 in Dodging
 14151 | D:11     | Noticed a two-headed ogre
 14264 | D:11     | Found a gate leading to a gauntlet.
 14268 | Gauntlet | Entered a Gauntlet
 14268 | Gauntlet | Found a transporter.
 14268 | Gauntlet | Found a transporter.
 14268 | Gauntlet | Found a transporter.
 14268 | Gauntlet | Found a transporter.
 14318 | Gauntlet | Found a transporter.
 14481 | Gauntlet | Found a transporter.
 14592 | Gauntlet | Found a large runed translucent door.
 14592 | Gauntlet | Found a large runed translucent door.
 14601 | Gauntlet | Found a transporter.
 14610 | Gauntlet | Found a large runed translucent door.
 14610 | Gauntlet | Found a large runed translucent door.
 14614 | Gauntlet | Engulfed by an ice statue's freezing vapour

Illustrated notes

Levels and vault maps discovered:
D:1:      lightli_arrival_maybe_door_vault, layout_basic
D:2:      layout_basic, nemelex_xobeh_ov_fountains_minmay, first_ration,
          nicolae_gozag_cash_rules_everything_around_me
D:3:      layout_loops_ring, cheibrodos_ashenzari_chains, lemuel_doored_altar,
          nicolae_dithmenos_shadow_blocks, gammafunk_ghost_nasty_kobolds,
          hangedman_decor_push, minmay_misc_feat_pillars, uniq_terence
D:4:      wad_pebble_path, layout_rooms, old_standard_altar,
          kennysheep_mini_moat, lemuel_temple_firewalk_b, kennysheep_orc_chapel,
          uniq_crazy_yiuf_cottage
D:5:      layout_cave_pools, portal_sewer_entry_a
D:6:      layout_rooms, lemuel_coloured_pillars_altar, lemuel_crystal_altar,
          serial_shops, nicolae_shop_behind_doors
D:7:      layout_loops_ring, kennysheep_little_box, grunt_livestock,
          chequers_jeans, uniq_harold, uniq_menkaure, uniq_pikel
D:8:      layout_rooms, grunt_decor_cap, uniq_erica
D:9:      layout_roguey, fedhas_altar_3, gammafunk_temple_overflow_wave,
          nicolae_overflow_crystal_walls, kennysheep_generic_room_8,
          uniq_maurice, uniq_psyche
D:10:     layout_loops_cross, erik_lair_orcish_takeover, enter_bailey_2,
          serial_shops, shop, shop_fountains, nicolae_shop_statue_plus,
          nicolae_shop_behind_doors, basic_altar
D:11:     layout_basic, erik_orc_1, gauntlet_entry_generic, minivault_25,
          st_stairs_6, lemuel_blue_sif_altar, uniq_urug
Temple:   corrupted_temple
Gauntlet: gammafunk_gauntlet_hard_choice [gammafunk_gauntlet_arena_crates,
          gammafunk_gauntlet_arena_corners, gammafunk_gauntlet_arena_spirals,
          minmay_gauntlet_arena_make_your_own_arena,
          nicolae_gauntlet_arena_t_cross, gammafunk_gauntlet_arena_chambers,
          nicolae_gauntlet_exit_dead_adventurers]

Skill      XL: |  1  2  3  4  5  6  7  8  9 10 11 |
---------------+----------------------------------+-----
Spellcasting   | 5 6 7 8 9 10 11 12 | 12.0
Conjurations   | 2 3 4 5 6 8 10 12 | 12.4
Dodging        | 3 4 5 7 8 9 10 | 10.1
Invocations    | 3 5 6 |  6.3
Stealth        | |  2.5
Summonings     | |  1.1
Translocations | |  1.1

Action                   |  1- 3 |  4- 6 |  7- 9 | 10-12 || total
-------------------------+-------+-------+-------+-------++-------
Melee: Unarmed           |     2 |       |       |       ||     2
       Whip              |       |    17 |       |       ||    17
       Staff             |       |    13 |     1 |       ||    14
 Cast: Magic Dart        |   100 |   181 |    60 |   128 ||   469
       Call Imp          |       |    19 |    11 |     6 ||    36
       Conjure Flame     |       |     2 |     8 |    11 ||    21
       Searing Ray       |       |    11 |    41 |    60 ||   112
       Mephitic Cloud    |       |     4 |       |     1 ||     5
       Blink             |       |     2 |     9 |     5 ||    16
       Fulminant Prism   |       |       |       |     1 ||     1
Invok: Slouch            |       |       |       |     1 ||     1
  Use: Potion            |       |       |     2 |       ||     2
       Scroll            |       |       |     1 |     6 ||     7
 Stab: Sleeping          |       |     3 |       |       ||     3
  Eat: Chunk             |     3 |     9 |     4 |     7 ||    23
       Ration            |       |     2 |       |       ||     2
Armor: Robe              |     5 |     8 |     2 |    14 ||    29
Dodge: Dodged            |     9 |    75 |    18 |    79 ||   181
